 Dungeon Crawl Stone Soup version 0.23.2-33-g5129a83184 (webtiles) character file.

Game seed: 901871356259109700

89 Folks the Magician (level 4, -1/29 HPs)
             Began as an Octopode Wizard on Aug 10, 2019.
             Slain by a goblin (2 damage)
             ... led by Robin
             ... on level 2 of the Dungeon.
             The game lasted 00:04:39 (2043 turns).

Folks the Magician (Octopode Wizard)                Turns: 2043, Time: 00:04:40

Health: -1/29      AC:  1    Str: 11    XL:     4   Next: 55%
Magic:  7/9        EV: 13    Int: 21    God:
Gold:   43         SH:  0    Dex: 10    Spells: 1/9 levels left

rFire    . . .     SeeInvis .   b - +0 mace
rCold    . . .     Gourm    .   (no shield)
rNeg     . . .     Faith    .   a - +0 hat
rPois    .         Spirit   .   (no amulet)
rElec    .         Reflect  .   (no ring)
rCorr    .         Harm     .   (no ring)
MR       .....                  (no ring)
Stlth    +++.......             (no ring)
HPRegen  0.09/turn              (no ring)
MPRegen  0.11/turn              (no ring)
                                (no ring)
                                (no ring)

@: mighty
A: almost no armour, stealthy swim, amphibious, 8 rings, constrict 8, camouflage
1, gelatinous body 1
a: no special abilities


You were on level 2 of the Dungeon.
You were not hungry.

You visited 1 branch of the dungeon, and saw 2 of its levels.

You collected 43 gold pieces.

Inventory:

Hand Weapons
 b - a +0 mace (weapon)
 d - a +0 dagger
Armour
 a - a +0 hat (worn)
Scrolls
 e - a scroll of identify {unknown}
 g - a scroll of remove curse {unknown}
 h - a scroll of fear {unknown}
 i - a scroll of enchant armour {unknown}
 j - a scroll of immolation {unknown}
Potions
 k - a potion of might
 l - a potion of lignification {unknown}
Comestibles
 c - a ration
 f - a chunk of flesh


   Skills:
 - Level 2.1 Fighting
 - Level 2.0 Dodging
 - Level 2.6 Stealth
 - Level 3.3 Spellcasting
 + Level 2.1 Conjurations
 + Level 1.4 Summonings
 - Level 1.0 Translocations
 * Level 1.8 Poison Magic


You had one spell level left.
You knew the following spells:

 Your Spells              Type           Power        Failure   Level  Hunger
a - Magic Dart            Conj           ##..         5%          1    None
b - Call Imp              Summ           #.......     11%         2    ##.....
c - Blink                 Tloc           N/A          13%         2    ##.....
d - Mephitic Cloud        Conj/Pois/Air  #.......     22%         3    ###....

Your spell library contained the following spells:

 Spells                   Type           Power        Failure   Level  Hunger
 Slow                     Hex            #.......     19%         2    ##.....
 Conjure Flame            Conj/Fire      #.......     26%         3    ###....


Dungeon Overview and Level Annotations

Branches:
Dungeon (2/15)

Altars:


Innate Abilities, Weirdness & Mutations

You cannot wear most types of armour.
You are very stealthy in the water. (Stealth+)
You are amphibious.
You can wear up to eight rings at the same time.
You can use your tentacles to constrict eight enemies at once.
Your skin changes colour to match your surroundings (Stealth+).
Your rubbery body absorbs attacks. (AC +1, EV +1)


Message History

You hit the goblin. Your grab misses the goblin.
The goblin is severely wounded.
The goblin barely misses you. The goblin hits you.
A goblin comes into view. It is wielding a +0 club.
The hobgoblin closely misses you.
You hit the hobgoblin. Your grab misses the hobgoblin.
The hobgoblin is almost dead.
The goblin barely misses you. The hobgoblin hits you.
* * * LOW HITPOINT WARNING * * *
You closely miss the hobgoblin. Your grab misses the hobgoblin.
The hobgoblin is almost dead.
The goblin hits you.
* * * LOW HITPOINT WARNING * * *
The hobgoblin closely misses you. The goblin hits you.
* * * LOW HITPOINT WARNING * * *
It was a potion of might.
You feel very mighty all of a sudden. The hobgoblin misses you.
The goblin hits you but does no damage. The goblin hits you.
You die...

##### #####
#...### #...#
###.#.#..
....#
#...#.#.#
....#
###.#.#.####
....#
####.#.#)g..#
#...#
#....#.g@g#
....#
#.####.####
....# #.# #.#
....# #.# #..
....# #.# ###
....#####.#
.........>#
.##########
.#


You could see a hobgoblin and 2 goblins.

Vanquished Creatures
  Robin (D:2)
  2 adders (D:2)
  A worm (D:2)
  A dart slug (D:2)
  4 bats
  4 giant cockroaches (D:1)
  14 goblins
  7 hobgoblins (D:1)
  4 jackals (D:1)
  2 kobolds (D:1)
  3 ball pythons (D:1)
  2 frilled lizards (D:1)
  3 rats (D:1)
48 creatures vanquished.

Vanquished Creatures (collateral kills)
  A leopard gecko (D:2)
  A goblin (D:2)
  A quokka (D:2)
3 creatures vanquished.

Grand Total: 51 creatures vanquished

Notes
Turn   | Place    | Note
-------+----------+-------------------------------------------
     0 | D:1      | Folks the Octopode Wizard began the quest for the Orb.
     0 | D:1      | Reached XP level 1. HP: 11/11 MP: 4/4
   122 | D:1      | Reached skill level 1 in Fighting
   122 | D:1      | Reached XP level 2. HP: 4/18 MP: 0/6
   873 | D:1      | Reached XP level 3. HP: 24/24 MP: 7/7
  1265 | D:1      | Learned a level 2 spell: Call Imp
  1268 | D:1      | Learned a level 2 spell: Blink
  1272 | D:1      | Learned a level 3 spell: Mephitic Cloud
  1887 | D:2      | Reached skill level 1 in Poison Magic
  1887 | D:2      | Reached XP level 4. HP: 29/29 MP: 5/9
  2032 | D:2      | Noticed Robin
  2039 | D:2      | Killed Robin
  2042 | D:2      | HP: 1/29 [goblin[Robin] (1)]
  2043 | D:2      | Slain by a goblin

Skill      XL: |  1  2  3  4 |
---------------+-------------+-----
Fighting       | 1 2 |  2.1
Poison Magic   | 1 |  1.8
Conjurations   | 2 |  2.1
Dodging        | |  2.0
Stealth        | |  2.6
Spellcasting   | |  3.3
Summonings     | |  1.4
Translocations | |  1.0

Action                   |  1- 3 |  4- 6 || total
-------------------------+-------+-------++-------
Melee: Dagger            |     4 |       ||     4
       Unarmed           |     2 |       ||     2
       Constrict         |    22 |     6 ||    28
       Mace              |    71 |    19 ||    90
       Tentacles         |     5 |     2 ||     7
 Cast: Magic Dart        |    20 |     2 ||    22
       Call Imp          |     3 |       ||     3
       Mephitic Cloud    |       |     1 ||     1
  Use: Potion            |       |     1 ||     1
 Stab: Sleeping          |     4 |     1 ||     5
  Eat: Chunk             |     3 |     1 ||     4
Armor: Skin              |     7 |     3 ||    10
Dodge: Dodged            |    76 |    32 ||   108
